 Dungeon Crawl Stone Soup version 0.30.1-6-gbe392663c4 (webtiles) character file.

Game seed: 15088802802966069371

258 Almogavar the Ducker (level 6, -27/53 HPs)
             Began as a Gnoll Wanderer on Sept 20, 2023.
             Killed by an exploding orc priest (40 damage)
             ... ignited by their inner flame
             ... on level 4 of the Dungeon.
             The game lasted 00:10:22 (2675 turns).

Almogavar the Ducker (Gnoll Wanderer)               Turns: 2675, Time: 00:10:24

Health: -27/53     AC: 10    Str: 14    XL:     6   Next: 16%
Magic:  0/8        EV: 11    Int: 10    God:
Gold:   174        SH:  0    Dex: 12    Spells: 8/8 levels left

rFire   . . .        a - +0 quarterstaff
rCold   . . .        (shield currently unavailable)
rNeg    . . .        p - +1 scale mail {rPois}
rPois   +            x - +0 helmet
rElec   .            (no cloak)
rCorr   .            i - +0 pair of gloves
SInv    .            j - +0 pair of boots
Will    .....        l - amulet of guardian spirit
Stlth   +            (no ring)
HPRegen 0.28/turn    (no ring)
MPRegen 0.11/turn

%: guardian spirit
@: brilliant
A: fangs 1, strong nose, distributed training
a: no special abilities


You were on level 4 of the Dungeon.
You visited 1 branch of the dungeon, and saw 4 of its levels.

You collected 174 gold pieces.

Inventory:

Hand Weapons
 a - a +0 quarterstaff (weapon)
Missiles
 b - 4 throwing nets (quivered)
Armour
 i - a +0 pair of gloves (worn)
 j - a +0 pair of boots (worn)
 p - a +1 scale mail of poison resistance (worn)
 s - an orb of guile
 v - a +2 scale mail of cold resistance
 x - a +0 helmet (worn)
Magical Staves
 q - a staff of poison
Jewellery
 c - an amulet of reflection
 l - an amulet of guardian spirit (around neck)
Wands
 u - a wand of mindburst (13)
Scrolls
 d - 4 scrolls of vulnerability
 h - a scroll of fear {unknown}
 m - a scroll of amnesia
 t - a scroll of silence {unknown}
 y - a scroll of acquirement {unknown}
 z - a scroll of identify
Potions
 e - 2 potions of attraction
 f - 3 potions of mutation
 k - a potion of brilliance
 n - a potion of heal wounds {unknown}
 r - a potion of ambrosia {unknown}
 w - a potion of haste {unknown}


   Skills:
 + Level 6.8 Fighting
 + Level 1.9 Short Blades
 + Level 1.9 Long Blades
 + Level 1.9 Axes
 + Level 1.9 Maces & Flails
 + Level 1.9 Polearms
 + Level 5.0 Staves
 + Level 1.9 Ranged Weapons
 + Level 1.9 Throwing
 + Level 1.9 Armour
 + Level 6.8 Dodging
 + Level 3.0 Stealth
 + Level 1.9 Shields
 + Level 1.9 Unarmed Combat
 + Level 1.9 Spellcasting
 + Level 1.5 Conjurations
 + Level 1.5 Hexes
 + Level 1.5 Summonings
 + Level 1.5 Necromancy
 + Level 1.5 Translocations
 + Level 1.5 Transmutations
 + Level 1.5 Fire Magic
 + Level 1.5 Ice Magic
 + Level 1.5 Air Magic
 + Level 1.5 Earth Magic
 + Level 1.5 Poison Magic
 + Level 3.3 Invocations
 + Level 1.9 Evocations


You had 8 spell levels left.
You didn't know any spells.
Your spell library contained the following spells:

 Spells                   Type           Power      Damage    Failure   Level
 Cigotuvi's Dreadful Rot  Necr/Pois/Air  12%        N/A       71%         2
 Ensorcelled Hibernation  Hex/Ice        12%        N/A       71%         2
 Passwall                 Tmut/Erth      5%         N/A       71%         2
 Ignite Poison            Fire/Tmut/Pois 6%         N/A       91%         3
 Swiftness                Air            6%         N/A       91%         3
 Freezing Cloud           Conj/Ice/Air   3%         6-21      100%        5


Dungeon Overview and Level Annotations

Branches:
Dungeon (4/15)
 Temple: D:4-7

Altars:
Makhleb


Innate Abilities, Weirdness & Mutations

You have very sharp teeth.
Your uncanny sense of smell can sniff out nearby items.
Your experience applies equally to all skills.


Message History

The orc priest mumbles some strange prayers to Beogh against you.
You barely resist. The orc completely misses you.
You hit the orc priest.
The orc priest is lightly wounded.
The orc priest begins to cast a cantrip, but forgets the words!
The orc priest hits you but does no damage.
The orc barely misses you.
You hit the orc priest but do no damage.
The orc priest is lightly wounded.
The orc priest barely misses you. The orc priest closely misses you.
The orc hits you but does no damage.
Really read the scroll of immolation?
As you read the scroll of immolation, it crumbles to dust.
The creatures around you are filled with an inner flame!
The orc priest hits you but does no damage. x2
The orc closely misses you.
The orc priest calls upon Beogh to heal the orc priest.
The orc priest's wounds heal themselves!
The orc priest calls down the wrath of Beogh upon you.
Beogh smites you!
* * * LOW HITPOINT WARNING * * *
The orc hits you but does no damage.
You feel better. The orc priest closely misses you. The orc barely misses you.
You closely miss the orc. The orc priest barely misses you.
The orc priest looks encouraged for a moment.
The orc hits you but does no damage.
You hit the orc but do no damage.
The orc priest looks satisfied for a moment.
The orc priest mumbles some strange prayers to Beogh against you.
Pain shoots through your body!
* * * LOW HITPOINT WARNING * * *
The orc closely misses you.
You hit the orc priest.
Flame seeps out of the orc priest.
You bite the orc priest, but do no damage.
The orc priest is moderately wounded.
The orc priest is engulfed in blazing flames.
The orc priest explodes!
The fiery explosion engulfs you!!!
Ouch! That really hurt!
You die...

##...#
###......#..
##....#
########
##)#...#
#.##...#
#.###...# ##
#...## ##
#....##..##
##.§§.....#
#§○@.....#
#§oo.....#
#.........#
#..........#
#..........#
#..........##
###.......##
###...###


You could see an orc priest (inner flame) and an orc (inner flame).

Vanquished Creatures
  A scorpion (D:4)
  An orc priest (D:4)
  Ijyb (D:3)
  An orc wizard (D:4)
  4 gnolls (D:3)
  5 adders
  2 worms
  A dart slug (D:3)
  2 orcs
  3 bats
  2 endoplasms (D:2)
  4 goblins
  9 hobgoblins
  6 jackals
  3 kobolds
  3 quokkas
  6 ball pythons
  2 frilled lizards (D:1)
  5 rats
61 creatures vanquished.

Notes
Turn   | Place    | Note
-------+----------+-------------------------------------------
     0 | D:1      | Almogavar the Gnoll Wanderer began the quest for the Orb.
     0 | D:1      | Almogavar set off with the following items: a +0
                  | quarterstaff, 3 throwing nets, a +0 leather armour, a
                  | scroll of vulnerability, a potion of attraction.
     0 | D:1      | Reached XP level 1. HP: 23/23 MP: 2/2
   283 | D:1      | Reached XP level 2. HP: 25/29 MP: 3/3
   533 | D:1      | Found a faded altar of an unknown god.
   849 | D:2      | Reached XP level 3. HP: 27/35 MP: 4/4
  1289 | D:2      | Reached skill level 1 in Short Blades
  1289 | D:2      | Reached skill level 1 in Long Blades
  1289 | D:2      | Reached skill level 1 in Axes
  1289 | D:2      | Reached skill level 1 in Maces & Flails
  1289 | D:2      | Reached skill level 1 in Polearms
  1289 | D:2      | Reached skill level 1 in Ranged Weapons
  1289 | D:2      | Reached skill level 1 in Throwing
  1289 | D:2      | Reached skill level 1 in Armour
  1289 | D:2      | Reached skill level 1 in Shields
  1289 | D:2      | Reached skill level 1 in Unarmed Combat
  1289 | D:2      | Reached skill level 1 in Spellcasting
  1289 | D:2      | Reached skill level 1 in Evocations
  1644 | D:3      | Reached XP level 4. HP: 38/41 MP: 6/6
  1788 | D:3      | Noticed Ijyb
  1804 | D:3      | Killed Ijyb
  1805 | D:3      | Reached skill level 1 in Conjurations
  1805 | D:3      | Reached skill level 1 in Hexes
  1805 | D:3      | Reached skill level 1 in Summonings
  1805 | D:3      | Reached skill level 1 in Necromancy
  1805 | D:3      | Reached skill level 1 in Translocations
  1805 | D:3      | Reached skill level 1 in Transmutations
  1805 | D:3      | Reached skill level 1 in Fire Magic
  1805 | D:3      | Reached skill level 1 in Ice Magic
  1805 | D:3      | Reached skill level 1 in Air Magic
  1805 | D:3      | Reached skill level 1 in Earth Magic
  1805 | D:3      | Reached skill level 1 in Poison Magic
  1991 | D:3      | Reached XP level 5. HP: 38/47 MP: 5/7
  2113 | D:3      | Found a burning altar of Makhleb.
  2562 | D:4      | Reached XP level 6. HP: 52/53 MP: 8/8
  2645 | D:4      | Reached skill level 5 in Staves
  2675 | D:4      | Killed by an exploding orc priest... ignited by their inner
                  | flame

Illustrated notes

Levels and vault maps discovered:
D:1:      dpeg_arrival_three_same_balls, layout_basic,
          chequers_ecumenical_altar_grove
D:2:      layout_basic
D:3:      layout_basic, bloody_makhleb, uniq_ijyb
D:4:      layout_cave_pods

Skill      XL: |  1  2  3  4  5  6 |
---------------+-------------------+-----
Short Blades   | 1 |  1.9
Long Blades    | 1 |  1.9
Axes           | 1 |  1.9
Maces & Flails | 1 |  1.9
Polearms       | 1 |  1.9
Ranged Weapons | 1 |  1.9
Throwing       | 1 |  1.9
Armour         | 1 |  1.9
Shields        | 1 |  1.9
Unarmed Combat | 1 |  1.9
Spellcasting   | 1 |  1.9
Evocations     | 1 |  1.9
Conjurations   | 1 |  1.5
Hexes          | 1 |  1.5
Summonings     | 1 |  1.5
Necromancy     | 1 |  1.5
Translocations | 1 |  1.5
Transmutations | 1 |  1.5
Fire Magic     | 1 |  1.5
Ice Magic      | 1 |  1.5
Air Magic      | 1 |  1.5
Earth Magic    | 1 |  1.5
Poison Magic   | 1 |  1.5
Invocations    | 3 |  3.3
Stealth        | 3 |  3.0
Staves         | 5 |  5.0
Fighting       | |  6.8
Dodging        | |  6.8

Action                     |  1- 3 |  4- 6 || total
---------------------------+-------+-------++-------
  Melee: Quarterstaff      |    98 |   125 ||   223
         Bite              |     8 |     9 ||    17
    Use: Scroll            |     1 |     3 ||     4
         Potion            |       |     4 ||     4
   Stab: Sleeping          |     2 |       ||     2
 Armour: Leather armour    |    19 |       ||    19
         Scale mail        |    24 |    72 ||    96
  Dodge: Dodged            |    73 |    88 ||   161
